 Dungeon Crawl Stone Soup version 0.19.4-8-ga85b6b9 (webtiles) character file.

6181 LORDOFBUTT the Basher (level 10, -6/66 HPs)
             Began as a Gargoyle Fighter on Feb 12, 2017.
             Was an Initiate of Gozag.
             Mangled by an ice devil (22 damage)
             ... in an ice cave.
             The game lasted 00:13:28 (6773 turns).

LORDOFBUTT the Basher (Gargoyle Fighter)            Turns: 6773, Time: 00:13:28

Health: -6/66      AC: 17    Str: 21    XL:     10   Next: 91%
Magic:  12/12      EV:  6    Int: 10    God:    Gozag
Gold:   1018       SH: 11    Dex: 12    Spells: 1 memorised, 10 levels left

rFire  + . .     SeeInvis .     i - +5 mace (crush)
rCold  . . .     Gourm    .     n - +0 chain mail {rF+}
rNeg   + . .     Faith    .     c - +0 shield
rPois  ∞         Spirit   .     (no helmet)
rElec  +         Reflect  .     (no cloak)
rCorr  .         Harm     .     (no gloves)
MR     .....                    D - +0 pair of boots
Stlth  ..........               l - amulet of regeneration
                                x - +2 ring of dexterity
                                (no ring)

@: no status effects
A: negative energy resistance 1, electricity resistance, unbreathing,
petrification resistance, rot immunity, AC +7
a: Potion Petition, Call Merchant, Bribe Branch, Renounce Religion


You were in an ice cave.
You worshipped Gozag.
Gozag was most pleased with you.
You were very full.

You visited 3 branches of the dungeon, and saw 10 of its levels.
You also visited: Ice Cave.

You collected 1167 gold pieces.
You spent 126 gold pieces at shops.
You paid 23 gold pieces to Gozag.

Inventory:

Hand Weapons
 i - a +5 mace of crushing (weapon)
 j - a +2 mace of holy wrath
Armour
 c - a +0 shield (worn)
 n - a +0 chain mail of fire resistance (worn)
 D - a +0 pair of boots (worn)
Jewellery
 l - an amulet of regeneration (around neck)
 x - a +2 ring of dexterity (right hand)
 y - an uncursed ring of wizardry {unknown}
Wands
 o - a wand of heal wounds (4/9)
 r - a wand of flame (9/48)
 w - a wand of lightning (9/15)
Scrolls
 d - a scroll of teleportation
 e - a scroll of recharging
 g - 4 scrolls of blinking
 p - a scroll of fog
 q - 3 scrolls of amnesia
 u - 2 scrolls of magic mapping
 E - 2 scrolls of remove curse
Potions
 a - 2 potions of flight
 k - 4 potions of degeneration
 s - a potion of mutation
 C - a potion of ambrosia {unknown}
Books
 b - a book of Air

   Spells                             Type                      Level
   a - Shock                          Conjuration/Air              1
   b - Swiftness                      Charms/Air                   2
   c - Repel Missiles                 Charms/Air                   2
   d - Static Discharge               Conjuration/Air              3
   e - Lightning Bolt                 Conjuration/Air              5
Comestibles
 f - 2 bread rations
 m - 4 meat rations
 t - 5 fruits


   Skills:
 + Level 9.4 Fighting
 * Level 11.2 Maces & Flails
 - Level 3.2 Armour
 - Level 9.0 Shields
 + Level 1.6 Spellcasting
 + Level 1.4 Charms
 + Level 1.2 Air Magic


You had 10 spell levels left.
You knew the following spells:

 Your Spells              Type           Power        Failure   Level  Hunger
a - Repel Missiles        Chrm/Air       #.....       100%        2    ###....


Dungeon Overview and Level Annotations

Branches:
Dungeon (8/15)             Temple (1/1) D:4            Lair (1/6) D:8

Altars:
Ashenzari
Cheibriados
Dithmenos
Elyvilon
Fedhas
Gozag
Hepliaklqana
Kikubaaqudgha
Makhleb
Nemelex Xobeh
Okawaru
Qazlal
Ru
Sif Muna
Trog
Vehumet
Xom
Yredelemnul
Zin
The Shining One

Shops:
D:4 *!*   D:6 !


Innate Abilities, Weirdness & Mutations

You are resistant to torment.
Your stone body is resilient. (AC +7)
You are immune to poison.
You resist negative energy. (rN+)
You are resistant to electric shocks. (rElec)
You can survive without breathing.
You are immune to petrification.
You are immune to rotting.


Message History

You hit the ice devil.
The ice devil is lightly wounded.
You block the ice devil's attack.
The ice devil hits you but does no damage. x2
You hit the ice devil.
The ice devil is lightly wounded.
The ice devil hits you but does no damage.
The ice devil hits you. The ice devil freezes you!
You hit the ice devil but do no damage.
The ice devil is lightly wounded.
You block the ice devil's attack.
The ice devil hits you but does no damage. x2
The white imp sputters.
You closely miss the ice devil.
The ice devil is lightly wounded.
The ice devil hits you. The ice devil freezes you!! The ice devil hits you.
* * * LOW HITPOINT WARNING * * *
The ice devil freezes you!!
You die...
Your body crumbles into a pile of gold.

##..## #....## ##.....##
#### #.......# ##..######
##......# ##....##..##
###.......#
#..........###.........##
#.∩.∩......4#...........#
#.....Y.##@45.##........#
##....#####4.####.......#
##..## #### #.......##
#### ####.#.## ####


You could see 3 ice devils and a white imp.

Vanquished Creatures
  Pikel (D:7)
  2 ice statues (IceCv)
  An elephant (D:8)
  Psyche (D:8)
  A spiny frog (Lair:1)
  A troll (D:8)
  3 hippogriffs
  A wyvern (D:8)
  A yak (D:8)
  Menkaure (D:5)
  2 ice beasts (D:8)
  4 orc warriors
  A black bear (D:8)
  2 ogres (D:4)
  3 centaurs
  2 crocodiles (D:8)
  A big kobold (D:6)
  3 bullfrogs
  A scorpion (D:8)
  4 killer bees (D:7)
  A howler monkey (D:8)
  2 crimson imps (D:7)
  A quasit (D:8)
  A jelly (D:8)
  6 orc priests
  4 hounds
  9 orc wizards
  4 iguanas
  4 worker ants
  A hound skeleton (D:5)
  8 gnolls
  A howler monkey skeleton (D:4)
  5 adders
  4 shadow imps
  2 white imps (IceCv)
  6 ufetubi (IceCv)
  A worm (D:2)
  3 dart slugs
  4 leopard geckos
  15 orcs
  4 giant cockroaches
  9 goblins
  12 hobgoblins
  14 jackals
  15 kobolds
  4 quokkas
  A ball python (D:3)
  4 bats
  4 frilled lizards
  7 rats
  A butterfly (D:4)
193 creatures vanquished.

Vanquished Creatures (others)
  3 white imps (IceCv)
  5 ufetubi (IceCv)
8 creatures vanquished.

Grand Total: 201 creatures vanquished

Notes
Turn   | Place    | Note
-------+----------+-------------------------------------------
     0 | D:1      | LORDOFBUTT the Gargoyle Fighter began the quest for the Orb.
     0 | D:1      | Reached XP level 1. HP: 14/14 MP: 1/1
    45 | D:1      | Reached XP level 2. HP: 17/19 MP: 2/2
   274 | D:1      | Reached XP level 3. HP: 24/24 MP: 3/3
  1149 | D:2      | Reached XP level 4. HP: 26/29 MP: 4/4
  1164 | D:2      | Reached skill level 3 in Maces & Flails
  1888 | D:3      | Reached XP level 5. HP: 19/34 MP: 5/5
  1904 | D:3      | Found an ancient bone altar of Kikubaaqudgha.
  2080 | D:3      | Found a hazy altar of Hepliaklqana.
  2081 | D:3      | Found a shimmering altar of Xom.
  2082 | D:3      | Noticed a spectral ugly thing
  2367 | D:4      | Noticed a centaur
  2377 | D:4      | Reached skill level 4 in Maces & Flails
  2387 | D:4      | Killed a centaur
  2387 | D:4      | Reached XP level 6. HP: 16/39 MP: 6/6
  2424 | D:4      | Found Feitu's General Store.
  2442 | D:4      | Found a staircase to the Ecumenical Temple.
  2540 | D:4      | Reached skill level 5 in Fighting
  2659 | D:4      | Found a burning altar of Makhleb.
  2737 | D:4      | Found Ciwo's Distillery.
  2766 | D:4      | Reached skill level 5 in Maces & Flails
  2807 | D:4      | Reached skill level 5 in Shields
  2807 | D:4      | Reached XP level 7. HP: 44/44 MP: 7/7
  2869 | D:4      | Found Roaniesy's General Store.
  2924 | Temple   | Entered the Ecumenical Temple
  3037 | Temple   | Became a worshipper of Gozag Ym Sagoz the Greedy
  3075 | D:5      | Entered Level 5 of the Dungeon
  3157 | D:5      | Noticed Menkaure
  3165 | D:5      | Killed Menkaure
  3246 | D:5      | Found a glowing silver altar of Zin.
  3247 | D:5      | Found an iron altar of Okawaru.
  3247 | D:5      | Found a snail-covered altar of Cheibriados.
  3248 | D:5      | Found a radiant altar of Vehumet.
  3287 | D:5      | Reached skill level 6 in Maces & Flails
  3451 | D:5      | Reached XP level 8. HP: 37/51 MP: 8/8
  3760 | D:4      | Bought a +0 chain mail of fire resistance for 126 gold pieces
  3975 | D:6      | Found Fumm's Distillery.
  4474 | D:7      | Reached skill level 7 in Maces & Flails
  4774 | D:7      | Noticed Pikel
  4799 | D:7      | Killed Pikel
  4799 | D:7      | Reached skill level 8 in Maces & Flails
  4799 | D:7      | Reached XP level 9. HP: 43/57 MP: 9/9
  5138 | D:7      | Reached skill level 9 in Maces & Flails
  5682 | D:8      | Noticed a troll
  5693 | D:8      | Reached XP level 10. HP: 47/64 MP: 10/10
  5703 | D:8      | Reached skill level 10 in Maces & Flails
  5870 | D:8      | Noticed Psyche
  5905 | D:8      | Killed Psyche
  6084 | D:8      | Found a staircase to the Lair.
  6085 | D:8      | Noticed an elephant
  6119 | D:8      | Killed an elephant
  6301 | D:8      | Learned a level 2 spell: Repel Missiles
  6339 | Lair:1   | Entered Level 1 of the Lair of Beasts
  6345 | Lair:1   | Found a frozen archway.
  6345 | Lair:1   | Noticed a spiny frog
  6356 | Lair:1   | Killed a spiny frog
  6356 | Lair:1   | Reached skill level 11 in Maces & Flails
  6362 | IceCv    | Entered an ice cave
  6401 | IceCv    | Reached skill level 1 in Spellcasting
  6418 | IceCv    | Noticed an ice statue
  6418 | IceCv    | Noticed an ice statue
  6439 | IceCv    | HP: 3/66 [ice beast[an ice statue] (7)]
  6469 | IceCv    | HP: 1/66 [ice beast[an ice statue] (6)]
  6606 | IceCv    | Killed an ice statue
  6606 | IceCv    | Reached skill level 1 in Charms
  6606 | IceCv    | Reached skill level 1 in Air Magic
  6695 | IceCv    | Killed an ice statue
  6773 | IceCv    | Mangled by an ice devil

Skill      XL: |  1  2  3  4  5  6  7  8  9 10 |
---------------+-------------------------------+-----
Fighting       | 4 5 6 7 8 9 |  9.4
Maces & Flails | 3 4 5 6 8 9 11 | 11.2
Shields        | 4 5 7 8 9 |  9.0
Spellcasting   | 1 |  1.6
Charms         | 1 |  1.4
Air Magic      | 1 |  1.2
Armour         | |  3.2

Action                   |  1- 3 |  4- 6 |  7- 9 | 10-12 || total
-------------------------+-------+-------+-------+-------++-------
Melee: Flail             |    67 |       |       |       ||    67
       Mace              |    46 |   182 |   385 |   288 ||   901
Evoke: Wand              |       |       |       |     7 ||     7
  Use: Scroll            |       |     8 |     8 |     6 ||    22
       Potion            |       |     3 |     2 |     4 ||     9
 Stab: Distracted        |       |       |     2 |       ||     2
  Eat: Chunk             |       |     6 |     1 |       ||     7
       Fruit             |       |     1 |     1 |       ||     2
       Bread ration      |       |       |     1 |       ||     1
       Meat ration       |       |       |     1 |     1 ||     2
       Pizza             |       |       |       |     2 ||     2
       Beef jerky        |       |       |       |     1 ||     1
Armor: Scale mail        |    76 |    71 |    10 |       ||   157
       Chain mail        |       |    53 |   213 |   172 ||   438
Dodge: Dodged            |    43 |    58 |    88 |    71 ||   260
Block: Shield            |    77 |   108 |   212 |   165 ||   562
